Map: Ascension to Aiur LE

Players

robawtic - Winner!

  • Race: Zerg Zerg
  • League: Diamond
  • Spawn Location: 5:00

A.I. 1 (Elite)

  • Race: Terran Terran
  • Spawn Location: 11:00

VOD

Have the link to the VOD?

Description

Time

  • Played on: Dec. 31, 2017, 12:18 p.m.
  • Length: 10:50
Show
View Real Time Build Order
Export as new Build Order

robawtic Zerg - Winner!

Build Orders: Hatch First 

Get SALT Encoding   

  12  0:07  Drone  
  13  0:13  Overlord  
  13  0:17  Drone  
  14  0:34  Drone x2  
  16  0:39  Drone  
  17  0:54  Hatchery  
  17  0:56  Drone  
  17  1:00  Drone  
  17  1:03  Extractor  
  17  1:15  Spawning Pool  
  17  1:17  Drone  
  17  1:22  Drone  
  19  1:32  Drone  
  19  1:46  Overlord  
  19  2:03  Zergling x2  
  19  2:04  Queen  
  19  2:06  Zergling x2  
  23  2:09  Metabolic Boost  
  23  2:12  Queen  
  23  2:13  Drone  
  26  2:20  Drone x2  
  28  2:33  Drone x2  
  30  2:38  Drone  
  30  2:41  Drone  
  32  2:55  Overlord  
  32  2:57  Hatchery  
  32  2:58  Drone  
  32  3:02  Drone x2  
  34  3:09  Drone  
  35  3:13  Drone, Extractor  
  35  3:18  Roach Warren  
  34  3:27  Drone x4  
  34  3:28  Drone x2  
  40  3:36  Lair  
  40  3:45  Evolution Chamber  
  40  3:46  Evolution Chamber  
  38  3:51  Queen  
  38  3:53  Overlord x2  
  40  4:06  Drone x4  
  44  4:16  Drone x6  
  50  4:19  Queen  
  52  4:26  Drone  
  52  4:27  Drone  
  54  4:35  Drone x5  
  59  4:39  Zerg Missile Weapons Level 1  
  59  4:42  Zerg Ground Armor Level 1  
  59  4:51  Overlord  
  59  4:52  Overlord  
  59  4:55  Glial Reconstitution  
  59  4:56  Extractor  
  59  4:58  Extractor  
  59  4:59  Hydralisk Den, Drone  
  58  5:00  Drone x2  
  58  5:02  Drone  
  60  5:10  Drone x2  
  62  5:14  Drone x4  
  62  5:15  Drone x3  
  69  5:22  Drone  
  70  5:29  Spore Crawler, Muscular Augments  
  70  5:30  Roach  
  70  5:31  Roach x3  
  77  5:44  Overlord x3  
  77  5:48  Drone x2  
  77  5:49  Drone x3  
  82  5:52  Hydralisk, Extractor  
  82  5:53  Extractor  
  82  6:13  Hydralisk x7  
  82  6:14  Hydralisk x2  
  100  6:22  Drone  
  100  6:23  Drone x3  
  104  6:26  Overlord x2  
  104  6:58  Hydralisk  
  104  6:59  Roach x6  
  104  7:00  Roach x2, Overlord x4  
  122  7:17  Overlord x3  
  122  7:20  Roach  
  122  7:21  Roach x6  
  136  7:31  Hatchery  
  136  7:35  Hatchery  
  129  7:44  Roach  
  129  7:45  Roach x7  
  145  8:00  Hydralisk x11  
  128  8:22  Hydralisk x2  
  108  8:39  Hydralisk  
  108  8:40  Hydralisk x10  
  126  9:01  Hydralisk  
  126  9:02  Hydralisk x7  
  128  9:06  Queen x3  
  128  9:08  Queen  
  150  9:10  Hydralisk  
  150  9:11  Hydralisk  
  150  9:14  Infestation Pit  
  133  10:03  Hydralisk x11  
  133  10:04  Hydralisk x7  
  133  10:05  Hydralisk  
  171  10:18  Drone x8  
  171  10:19  Overlord  
Show
View Real Time Build Order
Export as new Build Order

A.I. 1 (Elite) Terran 

Build Orders: MMM Bio 

Get SALT Encoding   

  12  0:00  SCV  
  13  0:13  SCV  
  14  0:19  Supply Depot  
  14  0:25  SCV  
  15  0:40  SCV  
  15  0:42  Barracks  
  16  0:52  SCV  
  17  1:04  SCV  
  18  1:16  SCV  
  19  1:19  Command Center  
  19  1:30  Marine  
  20  1:34  Orbital Command  
  20  1:46  Supply Depot  
  20  1:47  Marine  
  20  1:51  Refinery  
  21  1:59  SCV  
  22  2:05  Marine  
  23  2:09  Barracks  
  23  2:12  SCV  
  24  2:17  Refinery  
  24  2:23  Marine  
  24  2:24  SCV  
  24  2:29  Supply Depot  
  26  2:36  SCV  
  27  2:41  Orbital Command  
  27  2:44  Marine  
  27  2:48  SCV  
  29  2:58  Factory  
  29  3:00  SCV  
  29  3:01  Marine  
  29  3:04  Marine  
  32  3:07  SCV  
  32  3:12  SCV  
  34  3:19  Marine, SCV  
  36  3:22  Marine  
  36  3:24  SCV  
  38  3:29  Barracks  
  38  3:32  SCV  
  38  3:36  SCV  
  38  3:37  Barracks Tech Lab  
  38  3:41  Barracks Tech Lab  
  39  3:42  Starport  
  39  3:44  SCV  
  39  3:45  Factory Tech Lab  
  40  3:48  SCV  
  41  3:55  Marine  
  41  3:56  SCV  
  41  3:59  Marine  
  41  4:00  SCV  
  41  4:02  Stimpack  
  44  4:05  Combat Shields  
  44  4:08  SCV  
  45  4:12  Supply Depot  
  45  4:13  SCV  
  46  4:20  SCV  
  46  4:21  Marine  
  46  4:22  Marine  
  46  4:23  Marine  
  50  4:25  SCV  
  51  4:32  Supply Depot, SCV  
  51  4:34  Medivac  
  51  4:37  SCV  
  55  4:43  Siege Tank  
  55  4:44  SCV  
  55  4:45  Marine, Supply Depot  
  60  4:47  Marine  
  60  4:48  Marine  
  62  4:54  SCV  
  62  4:55  Supply Depot  
  62  4:56  SCV  
  64  5:02  Refinery  
  64  5:03  Marauder  
  64  5:06  SCV, Marauder  
  69  5:08  SCV, Refinery  
  70  5:18  SCV  
  70  5:20  SCV  
  72  5:25  Marauder  
  72  5:26  Engineering Bay  
  72  5:27  Marauder  
  76  5:30  SCV  
  76  5:31  Supply Depot  
  76  5:33  SCV  
  78  5:35  Command Center  
  78  5:42  SCV  
  79  5:45  SCV  
  79  5:46  Marauder  
  79  5:49  Marauder  
  84  5:53  Terran Infantry Weapons Level 1  
  84  5:54  SCV  
  86  5:57  Supply Depot, SCV  
  86  6:03  Barracks Reactor, Engineering Bay  
  86  6:07  Siege Tank, Marauder  
  86  6:11  Concussive Shells, Marauder  
  93  6:20  Supply Depot  
  93  6:23  Missile Turret  
  93  6:25  Missile Turret  
  93  6:29  Terran Infantry Armor Level 1, Marauder  
  93  6:30  Barracks, Starport Reactor  
  93  6:32  Marauder  
  97  6:39  Siege Tank  
  99  6:46  Supply Depot  
  99  6:48  Orbital Command, SCV x2  
  99  6:50  Marauder  
  103  7:00  SCV  
  106  7:01  Marauder  
  106  7:02  Missile Turret  
  106  7:03  Missile Turret, SCV  
  106  7:06  Medivac  
  108  7:12  Siege Tank, SCV  
  108  7:15  SCV  
  113  7:16  SCV  
  113  7:19  Supply Depot  
  114  7:24  Missile Turret, SCV  
  114  7:27  SCV  
  114  7:28  SCV  
  117  7:36  SCV  
  117  7:39  SCV  
  117  7:41  SCV  
  121  7:44  Widow Mine  
  121  7:45  Supply Depot  
  121  7:46  Missile Turret  
  121  7:49  SCV  
  122  7:51  SCV  
  122  7:53  Medivac, SCV  
  122  7:56  Factory  
  126  8:01  Starport, SCV  
  126  8:02  Command Center  
  126  8:03  SCV  
  130  8:05  Widow Mine  
  130  8:11  Supply Depot  
  130  8:12  Marauder  
  126  8:13  Marine  
  126  8:14  Marine  
  126  8:16  Marine x2  
  105  8:26  Siege Tank  
  101  8:31  Marine  
  101  8:32  Marine x2  
  101  8:34  Marine x2  
  99  8:39  Starport Tech Lab, Refinery  
  99  8:40  Widow Mine  
  94  8:41  Missile Turret  
  94  8:45  Hi-Sec Auto Tracking  
  93  8:49  Marauder  
  93  8:50  Marine, Building Armor  
  93  8:51  Marine, Marauder  
  93  8:52  Marine  
  92  8:59  Widow Mine  
  92  9:02  Factory Tech Lab  
  87  9:08  Marine  
  87  9:09  Marine  
  82  9:10  Marine  
  82  9:12  Marauder  
  67  9:20  Siege Tank  
  73  9:25  Marine, SCV x2  
  73  9:26  Marine  
  73  9:28  Marauder  
  74  9:36  SCV, Marauder  
  73  9:43  Marine  
  73  9:45  Marine  
  55  9:47  Marine  
  55  9:51  Marine  
  55  9:52  SCV x2  
  49  9:53  SCV  
  49  9:57  Marauder  
  46  10:00  Marine  
  30  10:08  Marine  
  30  10:12  Command Center  
Tags
 
Composition
MMM Bio
League
Diamond
Matchup
TvZ
Spawn Locations
Cross Positions
Add a new tag
Caveats
  • Supply blocks, unpowered buildings, or Contaminate may cause inaccurate times.
  • Supply counts are checked every 10 seconds.